 Dungeon Crawl Stone Soup version 0.25-a0-834-g55863b0b92 (webtiles) character file.

Game seed: 5485015658268994477, levelgen mode: classic

2 Amnesiac the Shield-Bearer (level 1, -1/13 HPs)
             Began as a Deep Elf Fighter on Apr 22, 2020.
             Killed from afar by Terence (3 damage)
             ... with a puff of flame
             ... on level 2 of the Dungeon.
             The game lasted 00:00:58 (290 turns).

Amnesiac the Shield-Bearer (Deep Elf Fighter)        Turns: 290, Time: 00:00:59

Health: -1/13      AC:  6    Str: 13    XL:     1   Next: 33%
Magic:  3/3        EV:  6    Int: 12    God:
Gold:   16         SH:  8    Dex: 14    Spells: 0/0 levels left

rFire    . . .     SeeInvis .   a - +0 rapier
rCold    . . .     Gourm    .   c - +0 kite shield
rNeg     . . .     Faith    .   b - +0 scale mail
rPois    .         Spirit   .   (no helmet)
rElec    .         Reflect  .   (no cloak)
rCorr    .         Harm     .   (no gloves)
MR       .....                  (no boots)
Stlth    ..........             (no amulet)
HPRegen  0.04/turn              (no ring)
MPRegen  0.08/turn              (no ring)

@: very slightly contaminated
A: no striking features
a: no special abilities


You were on level 2 of the Dungeon.
You were not hungry.

You visited 1 branch of the dungeon, and saw 2 of its levels.

You collected 16 gold pieces.

Inventory:

Hand Weapons
 a - a +0 rapier (weapon)
Missiles
 h - 43 arrows
Armour
 b - a +0 scale mail (worn)
 c - a +0 kite shield (worn)
Potions
 d - a potion of might {!q}
Comestibles
 f - 3 rations


   Skills:
 - Level 2.4 Fighting
 + Level 2.1 Short Blades
 - Level 2.4 Armour
 + Level 0.5 Dodging
 - Level 2.4 Shields


You couldn't memorise any spells.
You didn't know any spells.
Your spell library was empty.

Dungeon Overview and Level Annotations

Branches:
Dungeon (2/15)

Altars:

Annotations:
D:2 Terence


Message History

Firing (i - inventory) No suitable missiles.
Press: ? - help, Shift-Dir - straight line, f - you
Okay, then.
You butcher the goblin corpse.
g - a chunk of flesh You see here a goblin skeleton.
e - a scroll labeled MEKHYI DEPEIK {!r} You see here 23 arrows.
h - 23 arrows
There is a dry fountain here.
There is an escape hatch in the floor here.
You slide downwards.
The hatch slams shut behind you.
A rat comes into view.
A rat is nearby!
A rat is nearby!
You completely miss the rat. The rat barely misses you.
You completely miss the rat. You block the rat's attack. x2
You hit the rat.
The rat is severely wounded.
The rat bites you.
You puncture the rat!
You kill the rat!
No target in view!
HP restored.
Found a stone staircase leading up.
f - 2 rations (gained 1)
A goblin comes into view.
The goblin hits you but does no damage.
You closely miss the goblin. The goblin barely misses you.
Your shield and scale mail prevent you from hitting the goblin.
The goblin hits you but does no damage. The goblin hits you.
You hit the goblin.
You kill the goblin!
Found a leather armour.
f - 3 rations (gained 1)
You open the door.
Found 20 stones.
There is an open door here.
A worm comes into view.
Okay, then.
All of the chunks of flesh in your inventory have rotted away.
You open the door.
There is an open door here.
You close the door.
Found 20 arrows.
Found a scroll labeled OVAMON OGAN.
h - 43 arrows (gained 20)
Found an escape hatch in the ceiling.
Terence the Incautious comes into view.
He is wielding a +0 falchion and carrying a wand of flame (24).
Terence shouts!
Terence drinks a potion.
Terence seems to speed up.
Terence zaps a wand.
The puff of flame misses you.
Terence zaps a wand.
The puff of flame hits you.
Terence zaps a wand.
The puff of flame hits you!
Ouch! That really hurt!
* * * LOW HITPOINT WARNING * * *
Really read
e - a scroll labeled MEKHYI DEPEIK {!r}?
Blink to where?
Press: ? - help, Dir - move target cursor You are very lightly contaminated with residual magic.
As you read the scroll labeled MEKHYI DEPEIK {!r}, it crumbles to dust.
It was a scroll of blinking {!r}.
Terence zaps a wand.
The puff of flame hits you.
You die...

###.#.......#.
.
#.@.#.......#
.. . #.### ..
.. #...+ .#
... #..## ....
#..# .....
#..#
......##..#
#..@..#
.........##
###.#.##.# #
#. ### #


You could see Terence.

Vanquished Creatures
  2 goblins
  A rat (D:2)
3 creatures vanquished.

Notes
Turn   | Place    | Note
-------+----------+-------------------------------------------
     0 | D:1      | Amnesiac the Deep Elf Fighter began the quest for the Orb.
     0 | D:1      | Reached XP level 1. HP: 13/13 MP: 3/3
   273 | D:2      | Noticed Terence
   290 | D:2      | Killed from afar by Terence

Levels and vault maps discovered:
D:1:      wander_arrival_desolate, layout_rooms
D:2:      lemuel_upstairs_altar, layout_basic, uniq_terence

Action                   || total
-------------------------++-------
Melee: Rapier            ||     8
  Use: Scroll            ||     1
Armor: Scale mail        ||     2
Dodge: Dodged            ||     3
Block: Kite shield       ||     3

Table legend:
 A = Non-vault XP
 B = Vault XP
 C = Vault XP percentage of total XP
 D = Non-vault monster count
 E = Vault monster count
 F = Vault count percentage of total count
                 A         B        C        D         E       F
            +---------+---------+-------+---------+---------+-------
      Total |       4 |       0 |   0.0 |       3 |       0 |   0.0
            +---------+---------+-------+---------+---------+-------
        D:1 |       1 |       0 |   0.0 |       1 |       0 |   0.0
        D:2 |       3 |       0 |   0.0 |       2 |       0 |   0.0
            +---------+---------+-------+---------+---------+-------
